Map: Winter's Gate LE

Players

TimeFire - Winner!

  • Race: Protoss Protoss
  • League: Platinum
  • Spawn Location: 11:00

pHARM

  • Race: Zerg Zerg
  • League: Platinum
  • Spawn Location: 5:00

VOD

Have the link to the VOD?

Description

Time

  • Played on: Sept. 2, 2019, 7:15 p.m.
  • Length: 6:52
Show
View Real Time Build Order
Export as new Build Order

TimeFire Protoss - Winner!

Build Orders:  

Get SALT Encoding   

  12  0:04  Probe  
  13  0:16  Probe  
  14  0:25  Pylon  
  15  0:28  Probe  
  15  0:43  Probe, Assimilator  
  15  0:49  Assimilator  
  16  1:02  Probe  
  17  1:18  Gateway  
  17  1:35  Nexus  
  17  1:38  Probe  
  18  1:47  Probe  
  19  1:55  Probe  
  20  2:06  Cybernetics Core  
  20  2:13  Probe  
  21  2:19  Pylon  
  21  2:21  Probe  
  22  2:37  Zealot  
  22  2:38  Gateway  
  24  2:44  Twilight Council  
  24  2:46  Probe  
  24  2:47  Probe  
  26  2:57  Gateway  
  26  3:01  Probe  
  26  3:03  Warp Gate  
  27  3:20  Probe  
  28  3:28  Pylon, Charge  
  28  3:35  Forge  
  28  3:36  Zealot  
  28  3:37  Probe  
  31  3:49  Protoss Ground Weapons Level 1  
  31  3:57  Gateway  
  31  3:58  Gateway  
  31  4:00  Probe  
  31  4:01  Probe  
  32  4:08  Probe  
  33  4:11  Pylon  
  33  4:14  Zealot  
  36  4:18  Zealot  
  36  4:19  Probe  
  36  4:22  Probe  
  40  4:31  Probe  
  41  4:34  Robotics Facility  
  41  4:48  Gateway  
  41  4:51  Pylon  
  41  5:02  Zealot x5  
  51  5:17  Gateway  
  51  5:18  Gateway  
  51  5:19  Pylon  
  51  5:21  Warp Prism  
  51  5:25  Zealot  
  51  5:26  Zealot  
  51  5:27  Zealot  
  59  5:31  Zealot  
  61  5:39  Sentry  
  63  5:44  Zealot  
  63  5:46  Zealot x2  
  69  5:50  Zealot  
  69  5:56  Pylon, Zealot  
  73  6:08  Zealot x2  
  77  6:15  Pylon, Zealot x3  
  77  6:16  Pylon  
  83  6:21  Zealot  
  73  6:42  Zealot x3  
  73  6:43  Zealot x4  
Show
View Real Time Build Order
Export as new Build Order

pHARM Zerg 

Build Orders: Hatch First 

Get SALT Encoding   

  12  0:01  Drone  
  13  0:14  Drone  
  13  0:16  Overlord  
  14  0:26  Drone, Extractor  
  15  0:35  Drone  
  16  0:53  Hatchery  
  15  0:57  Drone x2  
  15  1:00  Drone  
  18  1:13  Drone  
  19  1:21  Spawning Pool, Drone  
  19  1:34  Drone  
  20  1:41  Drone  
  20  1:42  Extractor  
  20  1:52  Overlord  
  21  2:08  Drone x2  
  21  2:09  Queen x2  
  26  2:20  Drone x2  
  28  2:27  Overlord  
  28  2:35  Drone  
  29  2:44  Overlord  
  29  2:45  Drone x2  
  29  2:48  Queen  
  33  2:51  Queen  
  33  2:54  Drone  
  33  2:56  Metabolic Boost  
  36  3:00  Drone x2  
  38  3:21  Drone  
  38  3:22  Drone x5  
  44  3:27  Lair  
  44  3:38  Extractor  
  44  3:39  Extractor  
  42  3:45  Drone x5  
  47  4:00  Overlord x3  
  47  4:16  Evolution Chamber  
  46  4:20  Roach Warren  
  46  4:23  Evolution Chamber, Drone x5  
  49  4:24  Drone  
  50  4:43  Spore Crawler  
  50  4:44  Pneumatized Carapace  
  49  4:47  Spore Crawler, Drone  
  49  4:48  Hatchery  
  49  4:51  Drone  
  49  4:57  Zerg Missile Weapons Level 1  
  49  4:59  Glial Reconstitution  
  49  5:02  Roach x10  
  69  5:07  Overlord  
  69  5:22  Overlord x3  
  69  5:37  Roach x5  
  79  5:49  Roach  
  85  5:50  Roach x2  
  85  6:29  Drone  
  85  6:30  Drone x10  
Tags
 
Matchup
PvZ
Replay Pack
10.7.19
Spawn Locations
Cross Positions
Add a new tag
Caveats
  • Supply blocks, unpowered buildings, or Contaminate may cause inaccurate times.
  • Supply counts are checked every 10 seconds.